Map: Вечная империя РВ

Players

Arctur - Winner!

  • Race: Terran Terran
  • Spawn Location: 1:00

Kas

  • Race: Terran Terran
  • League: Master
  • Spawn Location: 7:00

Event: DreamHack SC2 Masters 2020 Summer Europe

VOD

Have the link to the VOD?

Description

Time

  • Played on: June 24, 2020, 1:18 p.m.
  • Length: 8:06

All games in this series

Show
View Real Time Build Order
Export as new Build Order

Arctur Terran - Winner!

Build Orders: Liberator Opening 

Get SALT Encoding   

  12  0:00  SCV  
  13  0:13  SCV  
  14  0:17  Supply Depot  
  14  0:25  SCV  
  14  0:27  Refinery  
  15  0:38  SCV  
  16  0:45  Barracks  
  16  0:50  SCV  
  16  0:55  Refinery  
  17  1:02  SCV  
  18  1:15  SCV  
  19  1:32  Reaper, Orbital Command  
  20  1:37  Factory  
  20  1:45  Supply Depot  
  20  1:58  SCV  
  21  2:04  Reaper  
  22  2:10  SCV  
  22  2:21  Hellion  
  22  2:22  SCV  
  25  2:30  Command Center  
  25  2:35  SCV  
  26  2:43  Starport  
  26  2:48  SCV  
  30  2:51  Hellion, Reaper  
  30  2:57  Supply Depot  
  30  3:04  SCV  
  31  3:18  SCV  
  30  3:27  Liberator  
  30  3:28  Barracks Reactor  
  30  3:30  SCV  
  33  3:42  SCV, Factory Tech Lab  
  33  3:45  Orbital Command  
  34  3:50  Refinery  
  34  3:55  SCV  
  35  4:07  Command Center  
  35  4:08  Marine x2  
  35  4:09  Factory Tech Lab  
  37  4:14  SCV x2  
  39  4:20  Raven  
  41  4:26  SCV x2, Marine x2  
  41  4:28  Supply Depot  
  45  4:37  Siege Tank  
  48  4:42  SCV x2  
  48  4:44  Marine x2  
  52  4:54  SCV x2  
  53  5:02  Marine x2  
  53  5:03  Raven  
  53  5:06  SCV x2  
  56  5:07  Refinery  
  56  5:09  Supply Depot x2  
  55  5:18  SCV  
  55  5:19  SCV  
  58  5:24  Siege Tank  
  58  5:28  Barracks  
  60  5:29  Barracks  
  60  5:31  SCV, Orbital Command  
  60  5:33  SCV  
  60  5:43  SCV  
  60  5:45  SCV  
  60  5:47  Supply Depot  
  62  5:53  Viking, Orbital Command  
  62  5:55  SCV  
  62  5:56  Viking, Siege Tank  
  70  5:59  SCV  
  70  6:00  Stimpack  
  70  6:01  Marine  
  72  6:08  SCV  
  72  6:10  Supply Depot  
  73  6:11  SCV  
  73  6:17  Engineering Bay  
  74  6:18  Barracks Reactor  
  74  6:19  Engineering Bay  
  74  6:20  SCV  
  74  6:23  SCV x2, Barracks Reactor  
  74  6:25  Viking  
  78  6:27  Marine  
  78  6:29  Viking  
  78  6:32  SCV  
  82  6:35  SCV  
  83  6:43  Siege Tank  
  83  6:49  SCV x2  
  83  6:51  SCV  
  76  6:55  Viking  
  76  6:59  Viking  
  76  7:01  SCV, Marine x5  
  78  7:02  SCV  
  78  7:03  SCV  
  84  7:13  SCV  
  84  7:14  SCV  
  86  7:15  SCV  
  85  7:25  SCV, Marine x4  
  85  7:26  SCV  
  85  7:29  Marine  
  96  7:31  SCV  
  96  7:32  Refinery  
  97  7:42  SCV, Marine x2  
  97  7:43  SCV, Marine x2  
  103  7:45  SCV, Barracks x2  
  103  7:47  Refinery, Marine  
  108  7:56  Supply Depot  
  108  7:59  Supply Depot  
Show
View Real Time Build Order
Export as new Build Order

Kas Terran 

Build Orders: Cyclone Opening 

Get SALT Encoding   

  12  0:00  SCV  
  13  0:13  SCV  
  14  0:17  Supply Depot  
  14  0:25  SCV  
  15  0:31  Refinery  
  15  0:38  SCV  
  16  0:44  Barracks  
  16  0:51  SCV  
  16  0:56  Refinery  
  17  1:03  SCV  
  18  1:15  SCV  
  19  1:31  Orbital Command  
  19  1:32  Factory  
  19  1:35  Reaper  
  20  1:50  Supply Depot  
  20  1:56  SCV  
  21  2:08  SCV, Reaper  
  23  2:16  Hellion  
  23  2:20  SCV  
  26  2:28  Command Center  
  26  2:32  SCV  
  27  2:38  Factory Tech Lab  
  27  2:40  Barracks Reactor  
  27  2:45  SCV, Supply Depot  
  27  2:59  Cyclone  
  27  3:00  SCV  
  31  3:09  Starport  
  25  3:28  Marine x2  
  25  3:30  SCV  
  27  3:42  SCV  
  28  3:51  Marine x2  
  28  3:53  Raven  
  28  3:54  SCV  
  33  3:56  Refinery  
  33  3:59  Factory Tech Lab  
  33  4:06  SCV  
  33  4:08  Marine  
  33  4:09  Marine  
  36  4:14  Orbital Command  
  36  4:18  SCV, Siege Tank  
  40  4:26  Marine x2  
  40  4:30  SCV  
  43  4:36  Raven  
  45  4:40  SCV  
  45  4:42  SCV  
  42  5:05  Marine x2  
  42  5:06  Siege Tank  
  42  5:07  SCV  
  46  5:08  SCV  
  47  5:16  Supply Depot  
  47  5:19  SCV  
  47  5:20  SCV  
  49  5:28  Viking x2  
  51  5:29  Marine  
  51  5:35  Supply Depot  
  54  5:38  SCV x2  
  54  5:39  Supply Depot  
  56  5:46  Siege Tank  
  56  5:48  Marine  
  60  5:50  SCV x2  
  62  6:01  Viking  
  62  6:03  Viking  
  66  6:06  SCV  
  66  6:10  Supply Depot  
  67  6:12  SCV  
  67  6:14  Stimpack  
  67  6:17  Marine  
  69  6:21  SCV  
  69  6:24  SCV  
  71  6:30  Siege Tank  
  74  6:33  SCV  
  66  6:53  Marine  
  60  7:00  Viking x2  
  55  7:02  SCV x2  
  55  7:07  Siege Tank  
  60  7:11  Marine  
  60  7:14  SCV x2  
  63  7:20  Command Center  
  58  7:26  SCV x2  
  58  7:28  Marine  
  58  7:29  Barracks  
  61  7:31  Barracks  
  61  7:35  Viking  
  61  7:38  SCV  
  61  7:41  SCV  
  65  7:46  Engineering Bay, Marine  
  65  7:48  Engineering Bay  
  66  7:51  SCV  
  66  7:53  SCV  
Tags
 
Add a new tag
Caveats
  • Supply blocks, unpowered buildings, or Contaminate may cause inaccurate times.
  • Supply counts are checked every 10 seconds.